 Dungeon Crawl Stone Soup version 0.18.1-48-g4cf74bf (webtiles) character file.

23 rjaguar3 the Digger (level 3, -3/19 HPs)
             Began as a Gargoyle Earth Elementalist on Sept 3, 2016.
             Slain by nikopol's ghost (6 damage)
             ... on level 3 of the Dungeon.
             The game lasted 00:07:19 (1981 turns).

rjaguar3 the Digger (Gargoyle Earth Elementalist)   Turns: 1981, Time: 00:07:20

Health: -3/19      AC:  6    Str: 11    XL:     3   Next: 0%
Magic:  3/15       EV: 12    Int: 21    God:
Gold:   87         SH:  0    Dex: 10    Spells: 2 memorised, 2 levels left

rFire  . . .     SeeInvis .     e - +0 club
rCold  . . .     Gourm    .     a - +0 robe
rNeg   + . .     Faith    .     (no shield)
rPois  ∞         Spirit   .     (no helmet)
rElec  +         Dismiss  .     (no cloak)
rCorr  .         Reflect  .     p - +0 pair of gloves
SustAt .         Harm     .     (no boots)
MR     .....                    (no amulet)
Stlth  ++........               n - ring of wizardry
                                o - ring of magical power

@: brilliant, not resistant to hostile enchantments, unstealthy
A: negative energy resistance 1, electricity resistance, unbreathing,
petrification resistance, rot immunity, AC +3
a: no special abilities


You were on level 3 of the Dungeon.
You were very hungry.

You visited 1 branch of the dungeon, and saw 3 of its levels.

You collected 87 gold pieces.

Inventory:

Hand Weapons
 e - a +0 club (weapon)
 j - a +1 mace
Missiles
 b - 84 stones (quivered)
Armour
 a - a +0 robe (worn)
 p - a +0 pair of gloves (worn)
Jewellery
 n - a ring of wizardry (right hand)
 o - a ring of magical power (left hand)
Scrolls
 i - a scroll of identify
Potions
 f - a potion of resistance
Books
 c - a book of Geomancy

   Spells                             Type                      Level
   a - Sandblast                      Earth                        1
   b - Passwall                       Transmutation/Earth          2
   c - Stone Arrow                    Conjuration/Earth            3
   d - Petrify                        Transmutation/Earth          4
   e - Lee's Rapid Deconstruction     Earth                        5
Comestibles
 d - a bread ration
 m - a meat ration


   Skills:
 - Level 0.4 Maces & Flails
 - Level 1.7 Dodging
 - Level 2.2 Stealth
 * Level 2.3 Spellcasting
 + Level 0.0 Conjurations
   Level 0.7 Transmutations
 + Level 4.2 Earth Magic


You had 2 spell levels left.
You knew the following spells:

 Your Spells              Type           Power        Failure   Level  Hunger
a - Sandblast             Erth           ####..       1%          1    None
b - Stone Arrow           Conj/Erth      ###...       2%          3    ###....


Dungeon Overview and Level Annotations

Branches:
Dungeon (3/15)

Altars:

Annotations:
D:3 nikopol's ghost, amateur MiBe


Innate Abilities, Weirdness & Mutations

You are resistant to torment.
Your stone body is resilient (AC +3).
You are immune to poison.
You resist negative energy.
You are resistant to electric shocks.
You can survive without breathing.
You are immune to petrification.
You are immune to rotting.


Message History

Nikopol's ghost is heavily damaged.
Nikopol's ghost completely misses you.
You hit nikopol's ghost.
Nikopol's ghost is heavily damaged.
Nikopol's ghost hits you.
A rat comes into view.
The rat completely misses you.
You open the door.
Nikopol's ghost hits you but does no damage.
The rat completely misses you.
There is an open door here.
Nikopol's ghost sneers, "Do you call that fighting?"
You hear the slow rusting of a very distant drain.
You open the door. Nikopol's ghost hits you.
* * * LOW HITPOINT WARNING * * *
Drink which item? (? for menu, Esc to quit)
It was a potion of brilliance.
You feel clever all of a sudden. Nikopol's ghost hits you.
You die...

#.# #.# #.# #.###### #.#
#....... ####+#.#
#......% #......#
#....... ##+# #......#
#....... ..... #......#
#<......
......#####'#.###.......
......'@Wr..#...........
......##################
..... #................
..... #................
......##.###############
......'.........
...s..########## ...#. #
#


You could see nikopol's ghost and a rat.

Vanquished Creatures
  A giant gecko (D:2)
  A ball python (D:2)
  A giant cockroach (D:2)
  4 goblins (D:1)
  4 hobgoblins
  2 jackals (D:1)
  2 kobolds (D:1)
  2 giant newts
  A rat (D:1)
18 creatures vanquished.

Notes
Turn   | Place    | Note
--------------------------------------------------------------
     0 | D:1      | rjaguar3 the Gargoyle Earth Elementalist began the quest for the Orb.
     0 | D:1      | Reached XP level 1. HP: 10/10 MP: 3/3
   563 | D:1      | You fall through a shaft!
   567 | D:2      | Reached XP level 2. HP: 15/15 MP: 3/5
   619 | D:1      | Reached skill level 4 in Earth Magic
  1514 | D:2      | Reached XP level 3. HP: 19/19 MP: 3/6
  1813 | D:2      | Learned a level 3 spell: Stone Arrow
  1914 | D:3      | Noticed nikopol's ghost (amateur MiBe)
  1981 | D:3      | Slain by nikopol's ghost

Skill      XL: |  1  2 |
---------------+-------+-----
Earth Magic    | 4 |  4.2
Maces & Flails | |  0.4
Dodging        | |  1.7
Stealth        | |  2.2
Spellcasting   | |  2.3
Transmutations | |  0.7

Action                   || total
-------------------------++-------
Melee: Club              ||    34
 Cast: Sandblast         ||    28
       Stone Arrow       ||     5
  Use: Scroll            ||     5
       Potion            ||     1
  Eat: Chunk             ||     3
Armor: Robe              ||    19
Dodge: Dodged            ||    31
